 Dungeon Crawl Stone Soup version 0.26.1-2-gb8aa6d0cf2 (webtiles) character file.

Game seed: 6979609561096412148

117 jmmainvi the Sneak (level 4, -3/21 HPs)
             Began as a Spriggan Enchanter on Feb 13, 2021.
             Shot with an arrow by a centaur (10 damage)
             ... on level 5 of the Dungeon.
             The game lasted 00:13:46 (2330 turns).

jmmainvi the Sneak (Spriggan Enchanter)             Turns: 2330, Time: 00:13:47

Health: -3/21      AC:  2    Str:  4    XL:     4   Next: 71%
Magic:  9/9        EV: 18    Int: 17    God:
Gold:   133        SH:  0    Dex: 16    Spells: 5/8 levels left

rFire    . . .     SeeInvis +   a - +1 dagger
rCold    . . .     Faith    .   (shield restricted)
rNeg     . . .     Spirit   .   b - +0 robe
rPois    .         Reflect  .   (helmet restricted)
rElec    .         Harm     .   (no cloak)
rCorr    .         Rampage  .   (gloves unavailable)
Will     .....                  (boots unavailable)
Stlth    ++........             (no amulet)
HPRegen  0.07/turn              (no ring)
MPRegen  0.11/turn              (no ring)

@: confused, very quick
A: very small, unfitting armour, see invisible, speed 3
a: no special abilities


You were on level 5 of the Dungeon.
You visited 1 branch of the dungeon, and saw 5 of its levels.

You collected 133 gold pieces.

Inventory:

Hand Weapons
 a - a +1 dagger (weapon)
Armour
 b - a +0 robe (worn)
Scrolls
 c - 2 scrolls of teleportation {unknown}
 e - 4 scrolls of remove curse {unknown}
 f - a scroll of blinking
 g - 2 scrolls of enchant weapon {unknown}
 l - 4 scrolls of identify
Potions
 d - a potion of heal wounds {unknown}
 h - a potion of lignification {unknown}
 i - a potion of curing {unknown}
 j - a potion of degeneration {unknown}
 k - 2 potions of magic {unknown}


   Skills:
 - Level 1.1 Short Blades
 - Level 3.0 Dodging
 * Level 7.4 Stealth
 - Level 2.6 Spellcasting
 + Level 4.8 Hexes


You had 5 spell levels left.
You knew the following spells:

 Your Spells              Type           Power        Failure   Level
a - Corona                Hex            20%          2%          1
b - Ensorcelled Hibernat  Hex/Ice        20%          10%         2

Your spell library contained the following spells:

 Spells                   Type           Power        Failure   Level
 Confusing Touch          Hex            18%          8%          3
 Tukima's Dance           Hex            18%          8%          3
 Dazzling Flash           Conj/Hex       20%          21%         3


Dungeon Overview and Level Annotations

Branches:
Dungeon (5/15)             Temple (0/1) D:5

Altars:
Trog
The Shining One

Annotations:
D:4 Eustachio


Innate Abilities, Weirdness & Mutations

You are very small and have problems with some larger weapons.
You are too small for most types of armour.
You have supernaturally acute eyesight. (SInv)
You cover ground extremely quickly.


Message History

Found a ring mail.
l - 4 scrolls of identify (gained 1)
Found a scroll of magic mapping.
A quokka comes into view.
The orc priest looks satisfied for a moment.
The centaur shouts!
The centaur wields a +0 shortbow.
The centaur shoots an arrow.
The arrow hits you!
Ouch! That really hurt!
* * * LOW HITPOINT WARNING * * *
Found an escape hatch in the ceiling.
Found 13 gold pieces.
The orc wizard gestures at you while chanting.
You are confused.
You bump into the rock wall.
You bump into the rock wall.
The centaur shoots an arrow.
The arrow barely misses you.
The centaur shoots an arrow.
The arrow completely misses you.
You're too confused to move!
The centaur shoots an arrow.
The arrow hits you!
You die...

**,,,,*,,,#......#,,,*,,,,,*.....
,*,,,,+,,,+......#,,,*,,,,,+.....
,*,,,,*,,,#......#+#####****.....
,*,,,,*,,,####+#.c......,,,,.....
,,,,,,,,*+**,,,#r.....$.,,,,.....
,,******,,**,,,#........,,,,.?...
⌠,* *,,,,,,,,#........,,,,.....
,,*****,,,######........,,,,....,
,,,,,***,,#.....@.#+####****...,,
>,,⌠,***,,#.....(.#,,,,,,,,*..,,,
,,,,,**,,,#....(..#,,,,,,,,*.,,,,
,,*****,,,#.......#,,,,,,,,+,,,,,
⌠,* ****,,#.......#*,****,,*,,,,,
,,***,,*+*#####....*+********+**,
*,,,,,,+,,,,,,+....*,,,,,,,+,,,*,
*,,,,,,*,,,,,,#....#,,,,,,,*,,,+,
*,,,,,,*,,**,,*,,,,*,,,**,,**,,*,


You could see a centaur and a quokka.

Vanquished Creatures
  An orc wizard (D:5)
  A worker ant (D:4)
  4 adders
  A worm (D:2)
  4 orcs
  4 bats
  3 giant cockroaches
  A hobgoblin (D:2)
  2 jackals (D:4)
  A quokka (D:3)
  A frilled lizard (D:2)
  A kobold (D:1)
  4 rats
28 creatures vanquished.

Notes
Turn   | Place    | Note
-------+----------+-------------------------------------------
     0 | D:1      | jmmainvi the Spriggan Enchanter began the quest for the
                  | Orb.
     0 | D:1      | Reached XP level 1. HP: 9/9 MP: 5/5
   335 | D:2      | Found a bloodstained altar of Trog.
   367 | D:2      | Reached skill level 5 in Stealth
   367 | D:2      | Reached XP level 2. HP: 13/13 MP: 6/6
   372 | D:2      | Learned a level 2 spell: Ensorcelled Hibernation
   729 | D:4      | Noticed a phantom
   779 | D:3      | Reached skill level 6 in Stealth
   779 | D:3      | Reached XP level 3. HP: 16/16 MP: 1/8
  1690 | D:4      | Noticed Eustachio
  1901 | D:4      | Found a glowing golden altar of the Shining One.
  1907 | D:4      | Reached skill level 7 in Stealth
  1907 | D:4      | Reached XP level 4. HP: 21/21 MP: 6/9
  1926 | D:5      | Entered Level 5 of the Dungeon
  2270 | D:5      | Noticed a centaur
  2330 | D:5      | Shot with an arrow by a centaur

Illustrated notes

Levels and vault maps discovered:
D:1:      dpeg_arrival_radiant, layout_basic, minmay_stone_trees_small,
          roderic_lattice_a, chequers_serial_rivers_small_3
D:2:      layout_loops_ring, kennysheep_big_empty_room, bloody_trog
D:3:      layout_loops_cross
D:4:      layout_loops_corners, nrook_mini_vaults, tso_altar, uniq_eustachio
D:5:      layout_gridville, general_overflow_altar, minmay_temple_entry_junction

Skill      XL: |  1  2  3 |
---------------+----------+-----
Stealth        | 5 6 7 |  7.4
Hexes          | 4 |  4.8
Short Blades   | |  1.1
Dodging        | |  3.0
Spellcasting   | |  2.6

Action                   |  1- 3 |  4- 6 || total
-------------------------+-------+-------++-------
Melee: Dagger            |    56 |     4 ||    60
 Cast: Corona            |     1 |       ||     1
       Ensorcelled Hiber |    18 |       ||    18
  Use: Scroll            |       |     3 ||     3
 Stab: Sleeping          |    16 |     4 ||    20
Armor: Robe              |     5 |       ||     5
Dodge: Dodged            |    40 |     2 ||    42
